 Dungeon Crawl Stone Soup version 0.30-a0-377-g5cb311bc9f (webtiles) character file.

Game seed: 5705836898698837547

77 snetch the Magician (level 4, -2/31 HPs)
             Began as a Djinni Fire Elementalist on Nov 30, 2022.
             Slain by a gnoll
             ... wielding a +0 spear
              (4 damage)
             ... on level 3 of the Dungeon.
             The game lasted 00:05:14 (1449 turns).

snetch the Magician (Djinni Fire Elementalist)      Turns: 1449, Time: 00:05:15

Health: -2/31      AC:  4    Str:  7    XL:     4   Next: 60%
Gold:   129        EV: 12    Int: 18    God:
                   SH:  0    Dex: 14

rFire   + + .      SeeInvis .    (no weapon)
rCold   . . .      Faith    +    (no shield)
rNeg    . . .      Spirit   .    a - +0 leather armour {rC+}
rPois   ∞          Reflect  .    (no helmet)
rElec   .          Harm     .    (no cloak)
rCorr   .          Rampage  .    d - +0 pair of gloves
Will    .....                    (boots unavailable)
Stlth   ++........               f - amulet of faith
HPRegen 0.25/turn                (no ring)
MPRegen 0.00/turn                (no ring)

@: flying
A: sickness immunity, fire resistance 2, cold vulnerability 1, float, innate
caster, HP casting, extra vitality 1
a: no special abilities


You were on level 3 of the Dungeon.
You visited 1 branch of the dungeon, and saw 3 of its levels.

You collected 129 gold pieces.

Inventory:

Missiles
 b - 24 stones
 j - 4 javelins
 o - 2 atropa-tipped darts
Armour
 a - a +0 leather armour of cold resistance (worn)
 d - a +0 pair of gloves (worn)
 g - a +0 ring mail
 h - a +1 chain mail of cold resistance
 s - a +0 scale mail
Magical Staves
 p - a staff of cold
Jewellery
 f - an amulet of faith (around neck)
Scrolls
 c - 2 scrolls of blinking {unknown}
 e - a scroll of poison {unknown}
 i - 2 scrolls of teleportation {unknown}
 l - a scroll of noise {unknown}
 m - 3 scrolls of identify {unknown}
 n - 2 scrolls of vulnerability {unknown}
 q - a scroll of amnesia {unknown}
 r - a scroll of immolation {unknown}
 u - a scroll of fog {unknown}
Potions
 k - 3 potions of heal wounds {unknown}
 t - a potion of lignification {unknown}
 v - a potion of cancellation {unknown}


   Skills:
 + Level 3.0 Dodging
 + Level 1.6 Stealth
 + Level 3.6 Spellcasting


You couldn't memorise any spells.
You knew the following spells:

 Your Spells              Type           Power      Damage    Failure   Level
a - Foxfire               Conj/Fire      64%        2x1d7     5%          1
b - Scorch                Fire           32%        2d6       8%          2
c - Kindle Blastsparks    Fire/Tloc/Air  32%        2d12      16%         3
d - Inner Flame           Hex/Fire       16%        N/A       16%         3
e - Flame Wave            Conj/Fire      16%        2d7       45%         4
f - Summon Small Mammal   Summ           64%        N/A       5%          1
Your spell library was empty.

Dungeon Overview and Level Annotations

Branches:
Dungeon (3/15)

Altars:


Innate Abilities, Weirdness & Mutations

You are immune to sickness and miasma.
You are immune to poison.
Your flesh is very heat resistant. (rF++)
You are vulnerable to cold. (rC-)
You float through the air rather than walking.
You learn spells naturally, not from books.
Your magical power is your life essence.
You have superior vitality. (+4 MHP)


Message History

Found a grey potion.
u - a scroll labelled FUINORGHASU You swap places.
v - a grey potion Your bat disappears in a puff of smoke!
Your bat disappears in a puff of smoke!
There is an open door here.
There is an open door here.
There is a stone staircase leading down here.
You fly downwards.
There is a stone staircase leading up here.
A gnoll comes into view. It is wielding a +0 spear.
The gnoll shouts! x2
The gnoll hits you from afar with a +0 spear.
The gnoll misses you. The gnoll attacks as you move away!
The gnoll closely misses you.
Casting: Scorch (safe; 9% risk of failure)
Confirm with . or Enter, or press ? or * to list all spells.
Flames lash the gnoll.
The gnoll is heavily wounded.
The gnoll's fire resistance burns away.
The gnoll hits you with a +2 halberd of venom!
Casting: Scorch (safe; 9% risk of failure)
Confirm with . or Enter, or press ? or * to list all spells.
Flames lash the gnoll.
The gnoll is heavily wounded.
The gnoll's fire resistance burns away.
The gnoll hits you from afar with a +0 spear.
The gnoll hits you with a +2 halberd of venom.
* * * LOW HITPOINT WARNING * * *
Casting: Scorch (safe; 9% risk of failure)
Confirm with . or Enter, or press ? or * to list all spells.
Flames lash the gnoll.
The gnoll is burned terribly!
You kill the gnoll!
* * * LOW HITPOINT WARNING * * *
The gnoll closely misses you.
Unknown command.
There is a stone staircase leading up here.
The gnoll hits you from afar with a +0 spear.
You die...

#######
#..g..#
###g#
#@..#
#####


You could see a gnoll (combustible).

Vanquished Creatures
  2 gnolls
  3 adders (D:2)
  2 bats
  4 endoplasms
  A giant cockroach (D:2)
  2 goblins
  2 hobgoblins
  A quokka (D:1)
  7 ball pythons
  2 frilled lizards (D:2)
  3 kobolds
  3 rats
32 creatures vanquished.

Vanquished Creatures (others)
  33 foxfires
33 creatures vanquished.

Grand Total: 65 creatures vanquished

Notes
Turn   | Place    | Note
-------+----------+-------------------------------------------
     0 | D:1      | snetch the Djinni Fire Elementalist began the quest for the
                  | Orb.
     0 | D:1      | snetch set off with the following spells memorised:
                  | Foxfire, Scorch, Kindle Blastsparks, Inner Flame, Flame
                  | Wave.
     0 | D:1      | Reached XP level 1. HP: 15/15 MP: 0/0
   290 | D:1      | Reached XP level 2. HP: 18/21 MP: 0/0
   718 | D:2      | Reached XP level 3. HP: 2/25 MP: 0/0
   718 | D:2      | Learned a level 1 spell: Summon Small Mammal
  1007 | D:2      | Reached XP level 4. HP: 25/31 MP: 0/0
  1449 | D:3      | Slain by a gnoll

Illustrated notes

Levels and vault maps discovered:
D:1:      zaba_arrival_water, layout_rooms
D:2:      layout_loops_cross, kennysheep_generic_room_9
D:3:      layout_basic, nicolae_wu_jian_wuxing_cycle,
          biasface_ghost_orc_armoury, kennysheep_generic_room_3, uniq_terence

Skill      XL: |  1  2  3 |
---------------+----------+-----
Spellcasting   | 3 |  3.6
Dodging        | 3 |  3.0
Stealth        | |  1.6

Action                   |  1- 3 |  4- 6 || total
-------------------------+-------+-------++-------
 Cast: Foxfire           |    21 |       ||    21
       Scorch            |    11 |    15 ||    26
       Summon Small Mamm |       |     2 ||     2
Armor: Leather armour    |     1 |       ||     1
Dodge: Dodged            |     6 |     3 ||     9

Table legend: (Time is in decaauts)
 A = Elapsed time spent in this place.
 B = Non-inter-level travel time spent in this place.
 C = Inter-level travel time spent in this place.
 D = Time resting spent in this place.
 E = Time spent auto-exploring this place.
 F = Levels seen in this place.
 G = Mean time per level.
                   A        B        C        D        E       F      G
               +--------+--------+--------+--------+--------+-----+--------+
         Total |   1452 |   1396 |     56 |    154 |    716 |   3 |  484.0 |
       Dungeon |   1452 |   1396 |     56 |    154 |    716 |   3 |  484.0 |
               +--------+--------+--------+--------+--------+-----+--------+

Top non-repeatable levels by time:
     D:2: 845 daAuts
     D:1: 530 daAuts
     D:3: 77 daAuts
